 Dungeon Crawl Stone Soup version 0.18.1-1-g2f07953 (webtiles) character file.

363 EveningNews the Cleaver (level 6, -9/51 HPs)
             Began as a Hill Orc Fighter on May 9, 2016.
             Mangled by an orc warrior
             ... wielding a +0 short sword
              (12 damage)
             ... on level 6 of the Dungeon.
             The game lasted 00:06:37 (2274 turns).

EveningNews the Cleaver (Hill Orc Fighter)          Turns: 2274, Time: 00:06:37

Health: -9/51      AC: 10    Str: 24    XL:     6   Next: 67%
Magic:  6/6        EV:  7    Int:  8    God:
Gold:   117        SH:  9    Dex: 12    Spells: 0 memorised, 5 levels left

rFire  . . .     SeeInvis .     a - +0 war axe
rCold  . . .     Gourm    .     b - +0 scale mail
rNeg   . . .     Faith    .     c - +0 shield
rPois  .         Spirit   .     (no helmet)
rElec  .         Dismiss  .     (no cloak)
rCorr  .         Reflect  .     s - +2 pair of gloves
SustAt .         Harm     .     (no boots)
MR     .....                    (no amulet)
Stlth  ..........               (no ring)
                                (no ring)

@: mighty, not resistant to hostile enchantments, extremely unstealthy
A: no striking features
a: no special abilities


You were on level 6 of the Dungeon.
You were not hungry.

You visited 1 branch of the dungeon, and saw 5 of its levels.

You collected 117 gold pieces.

Inventory:

Hand Weapons
 a - a +0 war axe (weapon)
 y - a +0 dagger of venom (quivered)
Missiles
 m - 36 arrows
 p - 36 bolts
Armour
 b - a +0 scale mail (worn)
 c - a +0 shield (worn)
 s - a +2 pair of gloves (worn)
Scrolls
 e - a scroll of enchant weapon {unknown}
 g - 2 scrolls of random uselessness {unknown}
 h - a scroll of remove curse {unknown}
 j - 4 scrolls of identify {unknown}
 l - a scroll of fog {unknown}
 n - 3 scrolls of blinking {unknown}
 r - a scroll of fear {unknown}
 t - 2 scrolls of teleportation {unknown}
 w - a scroll of enchant armour {unknown}
Potions
 i - 2 potions of berserk rage {unknown}
 k - 2 potions of curing {unknown}
 A - a potion of flight {unknown}
Comestibles
 f - 3 bread rations
 o - 4 fruits
 q - 2 meat rations
 u - a royal jelly
 v - 2 beef jerkies
 x - a slice of pizza
 z - 7 chunks of flesh


   Skills:
 - Level 3.6 Fighting
 + Level 9.1 Axes
 - Level 3.2 Armour
 - Level 3.2 Shields


You had 5 spell levels left.
You didn't know any spells.

Dungeon Overview and Level Annotations

Branches:
Dungeon (4/15)
 Temple: D:4-7

Altars:


Message History

The orc warrior is lightly wounded.
The orc warrior hits you but does no damage.
Your shield and scale mail prevent you from hitting the orc warrior.
The orc warrior is lightly wounded.
You block the orc warrior's attack.
You closely miss the orc warrior.
The orc warrior is lightly wounded.
The orc warrior hits you with a short sword!
* * * LOW HITPOINT WARNING * * *
The orc warrior barely misses you.
You closely miss the orc warrior.
The orc warrior is lightly wounded.
The orc warrior hits you with a short sword!
* * * LOW HITPOINT WARNING * * *
The orc wizard mumbles some strange words.
The orc wizard blinks!
Drink which item? (? for menu, Esc to quit)
You feel very mighty all of a sudden.
The orc warrior hits you with a short sword!
You die...

#.#
##########.##
#...........#
#.###########
#.# #.# #.#
#.# #@# #o#
#{#


ooo #.# #.# #.# #.# You could see an orc warrior, an orc wizard and 2 orcs.

Vanquished Creatures
  A black bear (D:6)
  The ghost of Arglure the Changer, an amateur VSTm (D:3)
  An orc wizard (D:4)
  2 worker ants (D:4)
  3 adders
  2 worms
  3 dart slugs
  A giant gecko (D:2)
  7 orcs
  8 giant cockroaches
  10 hobgoblins
  8 jackals
  7 kobolds
  A quokka (D:4)
  2 ball pythons (D:3)
  11 bats
  4 giant newts
  4 goblins (D:1)
  10 rats
86 creatures vanquished.

Notes
Turn   | Place    | Note
--------------------------------------------------------------
     0 | D:1      | EveningNews the Hill Orc Fighter began the quest for the Orb.
     0 | D:1      | Reached XP level 1. HP: 19/19 MP: 1/1
    32 | D:1      | Reached skill level 3 in Axes
    91 | D:1      | Reached XP level 2. HP: 23/26 MP: 2/2
   128 | D:1      | Reached skill level 4 in Axes
   290 | D:1      | Reached XP level 3. HP: 27/31 MP: 3/3
   615 | D:2      | Reached skill level 5 in Axes
   853 | D:2      | Reached XP level 4. HP: 22/39 MP: 4/4
  1304 | D:3      | Reached skill level 6 in Axes
  1560 | D:3      | Noticed Arglure's ghost (amateur VSTm)
  1568 | D:3      | Killed Arglure's ghost
  1568 | D:3      | Reached skill level 7 in Axes
  1568 | D:3      | Reached XP level 5. HP: 38/45 MP: 5/5
  2041 | D:4      | Reached skill level 8 in Axes
  2041 | D:4      | Reached XP level 6. HP: 43/51 MP: 6/6
  2224 | D:4      | You fall through a shaft for 2 floors!
  2224 | D:6      | Noticed a black bear
  2236 | D:6      | Killed a black bear
  2236 | D:6      | Reached skill level 9 in Axes
  2260 | D:6      | Noticed an orc warrior
  2274 | D:6      | Mangled by an orc warrior

Skill      XL: |  1  2  3  4  5  6 |
---------------+-------------------+-----
Axes           | 3 4 5 7 8 9 |  9.1
Fighting       | |  3.6
Armour         | |  3.2
Shields        | |  3.2

Action                   |  1- 3 |  4- 6 || total
-------------------------+-------+-------++-------
Melee: War axe           |   175 |   159 ||   334
  Use: Potion            |       |     1 ||     1
  Eat: Chunk             |       |     5 ||     5
Armor: Scale mail        |    98 |    71 ||   169
Dodge: Dodged            |    53 |    46 ||    99
Block: Shield            |   106 |    74 ||   180
